 Dungeon Crawl Stone Soup version 0.31-a0-625-gc9c7e45f3f (console) character file.

Game seed: 18375492822765826522

151 Ignak the Gusty (level 5, -10/37 HPs)
             Began as a Gnoll Air Elementalist on Aug 24, 2023.
             Killed by divine providence
             ... invoked by an orc priest
              (16 damage)
             ... on level 4 of the Dungeon.
             The game lasted 00:05:17 (2491 turns).

Ignak the Gusty (Gnoll Air Elementalist)            Turns: 2491, Time: 00:05:17

Health: -10/37     AC:  4    Str:  6 (8)  XL:     5   Next: 33%
Magic:  6/12       EV: 28    Int: 13 (16) God:
Gold:   201        SH:  0    Dex: 11 (12) Spells: 13/14 levels left

rFire   . . .        l - +7 whip {heavy, *Corrode rPois Will++}
rCold   . . .        (no shield)
rNeg    . . .        a - +0 robe
rPois   +            (no helmet)
rElec   .            i - +0 cloak
rCorr   .            (no gloves)
SInv    .            u - +0 pair of boots
Will    ++...        k - amulet of the acrobat
Stlth   ++           g - ring of wizardry
HPRegen 0.26/turn    (no ring)
MPRegen 0.13/turn

%: corrode self (3%), acrobat, wizardry (x1)
@: acrobatic
A: fangs 1, strong nose, distributed training
a: no special abilities


You were on level 4 of the Dungeon.
You visited 1 branch of the dungeon, and saw 4 of its levels.

You collected 201 gold pieces.

Inventory:

Hand Weapons
 e - a +0 spear
 j - a +1 dagger of electrocution
 l - the +7 whip "Pumepew" (weapon) {heavy, *Corrode rPois Will++}
   (You found it on level 2 of the Dungeon)

   rPois:     It protects you from poison Will++: It greatly increases your
   willpower.
   *Corrode:  It may corrode you when you take damage.
Armour
 a - a +0 robe (worn)
 i - a +0 cloak (worn)
 u - a +0 pair of boots (worn)
Magical Staves
 q - a staff of poison
Jewellery
 g - a ring of wizardry (left hand)
 k - an amulet of the acrobat (around neck)
 v - a ring of ice
Talismans
 o - a serpent talisman
Wands
 m - a wand of polymorph (4)
 s - a wand of roots (3)
Scrolls
 c - a scroll of teleportation {unknown}
 h - a scroll of vulnerability {unknown}
 p - 2 scrolls of poison
 t - a scroll of enchant weapon
 w - a scroll of identify {unknown}
 x - a scroll of blinking {unknown}
Potions
 b - a potion of magic
 d - 2 potions of might
 f - a potion of attraction {unknown}
 n - a potion of heal wounds {unknown}
 r - 2 potions of curing
 z - a potion of haste {unknown}


   Skills:
 + Level 1.4 Fighting
 + Level 1.4 Short Blades
 + Level 1.4 Long Blades
 + Level 1.4 Axes
 + Level 1.4 Maces & Flails
 + Level 1.4 Polearms
 + Level 1.4 Staves
 + Level 1.4 Ranged Weapons
 + Level 1.4 Throwing
 + Level 1.4 Armour
 + Level 4.8 Dodging
 + Level 4.4 Stealth
 + Level 1.4 Shields
 + Level 1.4 Unarmed Combat
 + Level 5.2 Spellcasting
 + Level 2.4 Conjurations
 + Level 1.1 Hexes
 + Level 1.1 Summonings
 + Level 1.1 Necromancy
 + Level 1.1 Translocations
 + Level 1.1 Transmutations
 + Level 1.1 Fire Magic
 + Level 1.1 Ice Magic
 + Level 5.5 Air Magic
 + Level 1.1 Earth Magic
 + Level 1.1 Poison Magic
 + Level 1.6 Invocations
 + Level 1.4 Evocations
 + Level 1.3 Shapeshifting


You had 13 spell levels left.
You knew the following spells:

 Your Spells              Type           Power      Damage    Failure   Level
a - Shock                 Conj/Air       52%        1d6       1%          1

Your spell library contained the following spells:

 Spells                   Type           Power      Damage    Failure   Level
 Static Discharge         Conj/Air       26%        2-4/arc   2%          2
 Swiftness                Air            17%        N/A       2%          3
 Cigotuvi's Dreadful Rot  Necr/Pois/Air  20%        N/A       4%          2
 Airstrike                Air            8%         2d(2-18)  8%          4
 Ozocubu's Armour         Ice            6%         N/A       14%         3
 Dispel Undead            Necr           6%         3d8       41%         4
 Metabolic Englaciation   Hex/Ice        3%         N/A       75%         5
 Death Channel            Necr           3%         N/A       99%         6
 Simulacrum               Ice/Necr       3%         N/A       99%         6


Dungeon Overview and Level Annotations

Branches:
Dungeon (4/15)
 Temple: D:4-7

Altars:
Cheibriados
Makhleb


Innate Abilities, Weirdness & Mutations

You have very sharp teeth.
Your uncanny sense of smell can sniff out nearby items.
Your experience applies equally to all skills.


Message History

The zap hits the orc wizard.
The orc wizard is lightly wounded.
The zap misses the orc priest.
The orc priest shouts!
An endoplasm comes into view.
Casting: Shock (safe; 1% risk of failure)
Confirm with . or Enter, or press ? or * to list all spells.
Aiming: Shock (safe; 1% risk of failure)
Press: ? - help, Shift-Dir - straight line, p - orc priest The zap hits the orc wizard.
The orc wizard is lightly wounded.
The zap hits the orc priest.
The orc priest is lightly wounded.
The endoplasm quivers.
The orc priest mumbles some strange prayers to Beogh against you.
Beogh smites you!
Casting: Shock (safe; 1% risk of failure)
Confirm with . or Enter, or press ? or * to list all spells.
Aiming: Shock (safe; 1% risk of failure)
Press: ? - help, Shift-Dir - straight line The zap hits the orc wizard.
The orc wizard is moderately wounded.
The zap misses the orc priest.
The orc priest looks braver for a moment.
Unknown command.
Casting: Shock (safe; 1% risk of failure)
Confirm with . or Enter, or press ? or * to list all spells.
Aiming: Shock (safe; 1% risk of failure)
Press: ? - help, Shift-Dir - straight line The zap hits the orc wizard.
The orc wizard is heavily wounded.
The zap hits the orc priest.
The orc priest is heavily wounded.
The orc wizard hits you with a +0 dagger.
The orc priest mumbles some strange prayers to Beogh against you.
Beogh smites you!
* * * LOW HITPOINT WARNING * * *
The orc priest invokes the aid of Beogh against you.
Beogh smites you!
You die...

#.###o.# #
#......###
#.##o.....>o.
#$......o.##.
.....##.######
#### #)# #o#
#.#######.
#.@.J.....
#.#####... #.#
#.# #.# #..
#.# #.# #.#


You could see an orc priest, an orc wizard and an endoplasm.

Vanquished Creatures
  An ogre (D:3)
  An adder (D:3)
  An ufetubus (D:3)
  3 worms (D:3)
  2 orcs (D:4)
  7 bats
  5 endoplasms
  A giant cockroach (D:2)
  3 hobgoblins (D:1)
  4 jackals (D:1)
  A kobold (D:1)
  2 quokkas
  A ball python (D:1)
  3 frilled lizards
  2 goblins
  A rat (D:1)
38 creatures vanquished.

Notes
Turn   | Place    | Note
-------+----------+-------------------------------------------
     0 | D:1      | Ignak the Gnoll Air Elementalist began the quest for the
                  | Orb.
     0 | D:1      | Reached XP level 1. HP: 13/13 MP: 6/6
   143 | D:1      | Reached XP level 2. HP: 19/19 MP: 3/7
   662 | D:1      | Found a faded altar of an unknown god.
   944 | D:2      | Identified the +7 whip "Pumepew" {heavy, *Corrode rPois
                  | Will++}
  1127 | D:2      | Reached skill level 5 in Spellcasting
  1127 | D:2      | Reached XP level 3. HP: 25/25 MP: 7/9
  1836 | D:3      | Reached skill level 1 in Invocations
  1876 | D:3      | Noticed an ogre
  1888 | D:3      | Reached skill level 1 in Fighting
  1888 | D:3      | Reached skill level 1 in Short Blades
  1888 | D:3      | Reached skill level 1 in Long Blades
  1888 | D:3      | Reached skill level 1 in Axes
  1888 | D:3      | Reached skill level 1 in Maces & Flails
  1888 | D:3      | Reached skill level 1 in Polearms
  1888 | D:3      | Reached skill level 1 in Staves
  1888 | D:3      | Reached skill level 1 in Ranged Weapons
  1888 | D:3      | Reached skill level 1 in Throwing
  1888 | D:3      | Reached skill level 1 in Armour
  1888 | D:3      | Reached skill level 1 in Shields
  1888 | D:3      | Reached skill level 1 in Unarmed Combat
  1888 | D:3      | Reached skill level 1 in Evocations
  1896 | D:3      | Killed an ogre
  1897 | D:3      | Reached skill level 1 in Hexes
  1897 | D:3      | Reached skill level 1 in Summonings
  1897 | D:3      | Reached skill level 1 in Necromancy
  1897 | D:3      | Reached skill level 1 in Translocations
  1897 | D:3      | Reached skill level 1 in Transmutations
  1897 | D:3      | Reached skill level 1 in Fire Magic
  1897 | D:3      | Reached skill level 1 in Ice Magic
  1897 | D:3      | Reached skill level 1 in Earth Magic
  1897 | D:3      | Reached skill level 1 in Poison Magic
  1897 | D:3      | Reached skill level 1 in Shapeshifting
  1897 | D:3      | Reached XP level 4. HP: 32/32 MP: 6/11
  1897 | D:3      | Reached XP level 5. HP: 37/37 MP: 6/12
  2069 | D:3      | Found a burning altar of Makhleb.
  2261 | D:3      | Found a snail-covered altar of Cheibriados.
  2491 | D:4      | Killed from afar by an orc priest

Illustrated notes

Levels and vault maps discovered:
D:1:      dpeg_arrival_rooms_c, layout_loops_ring,
          dilly_ecumenical_altar_fadedgnrine, grunt_decor_junction
D:2:      layout_basic
D:3:      layout_rooms, lemuel_crystal_altar, cheibrodos_worm_habitat
D:4:      layout_loops_ring, serial_shops, shop

Skill      XL: |  1  2  3 |
---------------+----------+-----
Conjurations   | 2 |  2.4
Spellcasting   | 5 |  5.2
Invocations    | 1 |  1.6
Fighting       | 1 |  1.4
Short Blades   | 1 |  1.4
Long Blades    | 1 |  1.4
Axes           | 1 |  1.4
Maces & Flails | 1 |  1.4
Polearms       | 1 |  1.4
Staves         | 1 |  1.4
Ranged Weapons | 1 |  1.4
Throwing       | 1 |  1.4
Armour         | 1 |  1.4
Shields        | 1 |  1.4
Unarmed Combat | 1 |  1.4
Evocations     | 1 |  1.4
Hexes          | 1 |  1.1
Summonings     | 1 |  1.1
Necromancy     | 1 |  1.1
Translocations | 1 |  1.1
Transmutations | 1 |  1.1
Fire Magic     | 1 |  1.1
Ice Magic      | 1 |  1.1
Earth Magic    | 1 |  1.1
Poison Magic   | 1 |  1.1
Shapeshifting  | 1 |  1.3
Dodging        | |  4.8
Stealth        | |  4.4
Air Magic      | |  5.5

Action                     |  1- 3 |  4- 6 || total
---------------------------+-------+-------++-------
  Melee: Unarmed           |    14 |       ||    14
         Spear             |    44 |       ||    44
         Bite              |     6 |       ||     6
         Whip              |    15 |    16 ||    31
         Dagger            |     2 |       ||     2
   Cast: Shock             |    21 |     7 ||    28
  Evoke: Wand              |     2 |       ||     2
    Use: Potion            |     1 |     2 ||     3
         Scroll            |     1 |     1 ||     2
   Stab: Sleeping          |     8 |     2 ||    10
 Armour: Robe              |    11 |       ||    11
  Dodge: Dodged            |    58 |     4 ||    62

Table legend: (Time is in decaauts)
 A = Elapsed time spent in this place.
 B = Non-inter-level travel time spent in this place.
 C = Inter-level travel time spent in this place.
 D = Time resting spent in this place.
 E = Time spent auto-exploring this place.
 F = Levels seen in this place.
 G = Mean time per level.
                   A        B        C        D        E       F      G
               +--------+--------+--------+--------+--------+-----+--------+
         Total |   2522 |   2426 |     96 |    178 |   1574 |   4 |  630.5 |
       Dungeon |   2522 |   2426 |     96 |    178 |   1574 |   4 |  630.5 |
               +--------+--------+--------+--------+--------+-----+--------+

Top non-repeatable levels by time:
     D:2: 918 daAuts
     D:1: 909 daAuts
     D:3: 659 daAuts
     D:4: 33 daAuts
